 Dungeon Crawl Stone Soup version 0.32-a0-981-g384da2ce10 (webtiles) character file.

Game seed: 8003099514026742233

1377 GiantSquids the Mimic (level 8, -1/72 HPs)
             Began as an Octopode Shapeshifter on Apr 21, 2024.
             Was a Follower of Trog.
             Slain by a sky beast (6 damage)
             ... on level 7 of the Dungeon.
             The game lasted 00:13:40 (5174 turns).

GiantSquids the Mimic (Octopode Shapeshifter)       Turns: 5174, Time: 00:13:40

Health: -1/72      AC:  1    Str: 18    XL:     8   Next: 66%
Magic:  8/8        EV: 12    Int: 13    God:    Trog [*.....]
Gold:   930        SH:  0    Dex: 11    Spells: 7/7 levels left

rFire   + .          .
                       - Unarmed
rCold   . . .        (no shield)
rNeg    + . .        (helmet currently unavailable)
rPois   .            (no amulet)
rElec   .            x - ring of protection from cold
rCorr   .            d - ring of Fules {Wiz rF+ rC- rN+ Str+3}
SInv    .            (no ring)
Will    .....        (no ring) Stlth
                     (no ring)
HPRegen 0.32/turn    (no ring)
MPRegen 0.11/turn    (no ring)
                     (no ring)

%: wizardry (x1)
@: berserking, beast-form, very quick
A: beast (slay +4), almost no armour, amphibious, 8 rings, camouflage 1,
gelatinous body 1, (nimble swimmer 1), tentacles
a: Begin Untransformation, Renounce Religion, Berserk


You were on level 7 of the Dungeon.
You worshipped Trog.
Trog was aware of your devotion.
You were a hulking beast.
You visited 1 branch of the dungeon, and saw 7 of its levels.

You collected 930 gold pieces.

Inventory:

Missiles
 a - a throwing net
 h - 67 stones (quivered)
 q - 4 silver javelins
Jewellery
 d - the ring of Fules (right tentacle) {Wiz rF+ rC- rN+ Str+3}
   (You found it on level 6 of the Dungeon)

   [ring of wizardry]

   Wiz:       It improves your spell success rate.
   Str+3:     It affects your strength (+3).
   rF+:       It protects you from fire.
   rC-:       It makes you vulnerable to cold.
   rN+:       It protects you from negative energy.
 x - a ring of protection from cold (left tentacle)
Talismans
 b - a beast talisman (active)
 c - a flux talisman
 A - a storm talisman
Wands
 n - a wand of roots (25)
 o - a wand of mindburst (15)
 v - a wand of paralysis (8)
 w - a wand of flame (16)
Scrolls
 e - 2 scrolls of teleportation
 s - a scroll of blinking
Potions
 f - 2 potions of magic
 g - a potion of resistance
 i - a potion of attraction {unknown}
 j - 2 potions of haste
 k - a potion of mutation
 r - a potion of heal wounds
 u - a potion of lignification


   Skills:
 + Level 1.4 Fighting
 + Level 2.3 Dodging
 - Level 4.5 Stealth
 * Level 3.4 Unarmed Combat
 + Level 9.2 Shapeshifting


You had 7 spell levels left.
You didn't know any spells.
Your spell library was empty.

Dungeon Overview and Level Annotations

Branches:
Dungeon (7/15)             Temple (0/1) D:6

Altars:
Dithmenos
Fedhas
Gozag
Kikubaaqudgha
Ru
Trog
Zin

Shops:
D:3 :   D:4 *(


Innate Abilities, Weirdness & Mutations

You are a hulking beast.
Your limbs bulge with bestial killing power. (Slay +4)
You cannot wear most types of armour.
You are amphibious.
You can wear up to eight rings at the same time.
Your skin changes colour to match your surroundings (Stealth+).
Your rubbery body absorbs attacks. (AC +1, EV +1)
((You are camouflaged when in or above water. (Stealth+)))
You have tentacles for arms and can constrict up to eight enemies at once.


Message History

A sky beast appears from thin air!
The sky beast misses you.
You tentacle-slap the sky beast.
The sky beast is heavily wounded.
You closely miss the sky beast.
The sky beast is heavily wounded.
The sky beast barely misses you.
You closely miss the sky beast. You squeeze the sky beast.
The sky beast is severely wounded.
The sky beast flickers out of sight!
Deactivating autopickup; reactivate with Ctrl-A.
Something hits you. Something shocks you.
You miss something. Your squeeze misses something.
Something hits you but does no damage.
You tentacle-slap something.
Your tentacle-slap misses something.
Your squeeze misses something. Something hits you. Something shocks you.
You miss something. Something hits you. Something shocks you.
You barely miss something.
Your tentacle-slap misses something.
Something hits you. Something shocks you.
You completely miss something.
Reactivating autopickup.
A sky beast appears from thin air!
The sky beast hits you.
* * * LOW HITPOINT WARNING * * *
The sky beast shocks you.
* * * LOW HITPOINT WARNING * * *
You feel much better.
The sky beast flickers out of sight!
Deactivating autopickup; reactivate with Ctrl-A.
Something hits you. Something shocks you.
You miss something. Your squeeze misses something. Something hits you.
Something shocks you.
You miss something. Something hits you. Something shocks you.
* * * LOW HITPOINT WARNING * * *
You barely miss something. Something hits you.
* * * LOW HITPOINT WARNING * * *
Something shocks you.
* * * LOW HITPOINT WARNING * * *
A red film seems to cover your vision as you go berserk!
You feel yourself moving faster!
You feel mighty! Something hits you.
* * * LOW HITPOINT WARNING * * *
Something shocks you.
You die...

#######
#.....#
#.....#
#######.....+
............#
............#
.......{....#
#h....#
#.....#
#.....#
###'#####
#....#
###....#
#.'....#
#.#....#
#.#<...#


There were no monsters in sight!

Vanquished Creatures
  Pargi (D:4)
  An ice beast (D:5)
  A black bear (D:5)
  2 ogres (D:5)
  A centaur (D:6)
  A phantom (D:6)
  A kobold brigand (D:6)
  2 scorpions
  3 vampire bats (D:3)
  A bombardier beetle (D:4)
  A jelly (D:6)
  2 orc priests (D:5)
  4 hounds
  Ijyb (D:3)
  5 adders
  6 gnolls
  A shadow imp (D:6)
  2 dart slugs (D:1)
  A ribbon worm (D:3)
  4 orcs (D:5)
  2 bats
  4 bat skeletons (D:3)
  2 bat zombies (D:3)
  3 endoplasms
  3 giant cockroaches
  7 hobgoblins
  8 jackals
  A quokka (D:1)
  3 ball pythons
  6 frilled lizards
  6 goblins
  9 kobolds
95 creatures vanquished.

Notes
Turn   | Place    | Note
-------+----------+-------------------------------------------
     0 | D:1      | GiantSquids the Octopode Shapeshifter began the quest for
                  | the Orb.
     0 | D:1      | Reached XP level 1. HP: 13/13 MP: 1/1
    33 | D:1      | Reached skill level 1 in Stealth
    33 | D:1      | Reached XP level 2. HP: 18/18 MP: 2/2
    41 | D:1      | Reached XP level 3. HP: 23/23 MP: 3/3
   244 | D:1      | Found a faded altar of an unknown god.
   546 | D:2      | Found a sacrificial altar of Ru.
   644 | D:2      | Reached skill level 4 in Shapeshifting
  1345 | D:3      | Noticed Ijyb
  1350 | D:3      | HP: 1/23 [Ijyb/+0 dagger of draining (3)]
  1351 | D:3      | Killed Ijyb
  1352 | D:3      | Reached XP level 4. HP: 1/28 MP: 4/4
  1514 | D:3      | Found an ancient bone altar of Kikubaaqudgha.
  1518 | D:3      | Reached XP level 5. HP: 26/33 MP: 5/5
  1532 | D:3      | Reached skill level 5 in Shapeshifting
  1710 | D:3      | Reached XP level 6. HP: 34/38 MP: 6/6
  1798 | D:3      | Found an opulent altar of Gozag.
  1949 | D:3      | Found a bloodstained altar of Trog.
  2029 | D:3      | Became a worshipper of Trog the Wrathful
  2161 | D:3      | Found Lorghicosm's Vocational Training.
  2516 | D:4      | Found a shadowy altar of Dithmenos.
  2603 | D:4      | Noticed Pargi
  2665 | D:4      | Killed Pargi
  2666 | D:4      | Reached skill level 6 in Shapeshifting
  2806 | D:4      | Found a blossoming altar of Fedhas.
  2950 | D:4      | Found Eguqaqio's Antique Weapon Shop.
  3171 | D:4      | Found a glowing silver altar of Zin.
  3185 | D:4      | Reached XP level 7. HP: 43/43 MP: 7/7
  3323 | D:4      | Found Nacebel's Serpentskin Sales.
  3358 | D:5      | Entered Level 5 of the Dungeon
  3495 | D:5      | Reached skill level 7 in Shapeshifting
  3753 | D:5      | Reached skill level 8 in Shapeshifting
  3753 | D:5      | Reached XP level 8. HP: 32/48 MP: 8/8
  4079 | D:6      | Reached * piety under Trog
  4197 | D:6      | Found a staircase to the Ecumenical Temple.
  4379 | D:6      | Reached skill level 9 in Shapeshifting
  4458 | D:6      | Identified a scroll of acquirement
  4459 | D:6      | Acquired 621 gold pieces
  4588 | D:6      | Identified the ring of Fules {Wiz rF+ rC- rN+ Str+3}
  5174 | D:7      | Slain by a sky beast

Illustrated notes

Levels and vault maps discovered:
D:1:      mrwooster_arrival_statue, layout_rooms,
          hellmonk_ecumenical_altar_leap_of_faith, nicolae_grassy_gnolls
D:2:      layout_basic, basic_altar
D:3:      layout_basic, mainiacjoe_overflow_24_doors, kennysheep_vampire_church,
          lemuel_doored_altar, hangedman_abyss_or_decor_stabs,
          reono_crystal_passage, nicolae_shop_vocational, uniq_ijyb
D:4:      layout_gridville, fedhas_altar_1, mainiacjoe_overflow_surrounded_room,
          mainiacjoe_overflow_cross_hatched, serial_shops, kennysheep_mini_moat,
          wad_floor_pattern_2, guppyfry_shop_venom, uniq_pargi
D:5:      layout_rooms
D:6:      layout_loops_corners, minmay_temple_entry_antechambers
D:7:      layout_basic, nzn_hepliaklqana_mist_gate, kennysheep_generic_room_14

Skill      XL: |  1  2  3  4  5  6  7  8 |
---------------+-------------------------+-----
Stealth        | 1 2 3 4 |  4.5
Shapeshifting  | 4 5 6 8 9 |  9.2
Fighting       | |  1.4
Dodging        | |  2.3
Unarmed Combat | |  3.4

Action                     |  1- 3 |  4- 6 |  7- 9 || total
---------------------------+-------+-------+-------++-------
  Melee: Unarmed           |    45 |    71 |    90 ||   206
         Constrict         |    13 |    21 |    15 ||    49
         Tentacles         |    11 |    13 |    22 ||    46
         Punch             |     3 |     6 |     6 ||    15
  Throw: Stone             |       |     1 |     1 ||     2
 Invoke: Berserk           |       |       |     1 ||     1
    Use: Scroll            |       |     3 |    12 ||    15
         Potion            |       |     1 |     1 ||     2
   Stab: Sleeping          |     4 |     8 |     6 ||    18
         Distracted        |       |     1 |       ||     1
 Armour: Skin              |    15 |    55 |    51 ||   121
  Dodge: Dodged            |    29 |    48 |    42 ||   119

Table legend: (Time is in decaauts)
 A = Elapsed time spent in this place.
 B = Non-inter-level travel time spent in this place.
 C = Inter-level travel time spent in this place.
 D = Time resting spent in this place.
 E = Time spent auto-exploring this place.
 F = Levels seen in this place.
 G = Mean time per level.
                   A        B        C        D        E       F      G
               +--------+--------+--------+--------+--------+-----+--------+
         Total |   5160 |   5010 |    150 |    312 |   3906 |   7 |  737.1 |
       Dungeon |   5160 |   5010 |    150 |    312 |   3906 |   7 |  737.1 |
               +--------+--------+--------+--------+--------+-----+--------+

Top non-repeatable levels by time:
     D:3: 1126 daAuts
     D:6: 1123 daAuts
     D:4: 907 daAuts
     D:2: 902 daAuts
     D:5: 660 daAuts
     D:1: 414 daAuts
     D:7: 26 daAuts
